 Dungeon Crawl Stone Soup version 0.29-a0-841-g116ddc6ace (webtiles) character file.

Game seed: 16949162960596188935

286 mathmaestro the Grave Robber (level 6, 36/44 HPs)
             Began as a Demonspawn Necromancer on July 14, 2022.
             Quit the game in a sewer on July 15, 2022.
             The game lasted 00:18:07 (4040 turns).

mathmaestro the Grave Robber (DsNe)                 Turns: 4040, Time: 00:18:08

Health: 36/44      AC:  4    Str:  8    XL:     6   Next: 8%
Magic:  1/10       EV: 13    Int: 18    God:
Gold:   212        SH:  0    Dex: 20    Spells: 2/10 levels left

rFire   . . .      SeeInvis .   j - +2 dagger (speed)
rCold   . . .      Faith    .   (no shield)
rNeg    . . .      Spirit   .   a - +1 robe
rPois   .          Reflect  .   d - +0 helmet
rElec   .          Harm     .   (no cloak)
rCorr   .          Rampage  .   (no gloves)
Will    +....                   (no boots)
Stlth   +++.......              (no amulet)
HPRegen 0.14/turn               i - ring of willpower
MPRegen 0.12/turn               e - +6 ring of dexterity

@: no status effects
A: spiny 1, sanguine armour 1, weakness stinger 1
a: no special abilities


You were in a sewer.
You visited 1 branch of the dungeon, and saw 3 of its levels.
You also visited: Sewer.

You collected 212 gold pieces.

Inventory:

Hand Weapons
 j - a +2 dagger of speed (weapon)
Missiles
 f - a throwing net
 g - 6 boomerangs
Armour
 a - a +1 robe (worn)
 d - a +0 helmet (worn)
Jewellery
 e - a +6 ring of dexterity (right hand)
 i - a ring of willpower (left hand)
Wands
 c - a wand of polymorph (6)
Scrolls
 o - a scroll of teleportation
 p - a scroll of immolation {unknown}
Potions
 b - a potion of magic
 h - 3 potions of flight
 k - a potion of cancellation {unknown}
 l - a potion of invisibility {unknown}
 m - a potion of resistance {unknown}
 n - 2 potions of lignification {unknown}


   Skills:
 + Level 2.1 Fighting
 + Level 2.0 Armour
 + Level 2.8 Dodging
 + Level 3.0 Stealth
 + Level 2.9 Spellcasting
 + Level 5.2 Necromancy


You had 2 spell levels left.
You knew the following spells:

 Your Spells              Type           Power      Damage    Failure   Level
a - Necrotise             Necr           84%        1d8       1%          1
b - Vampiric Draining     Necr           21%        2d7       6%          3
c - Animate Dead          Necr           21%        N/A       19%         4

Your spell library contained the following spells:

 Spells                   Type           Power      Damage    Failure   Level
 Freeze                   Ice            8%         1d3       17%         1
 Frozen Ramparts          Ice            4%         1d2       45%         3
 Agony                    Necr           21%        N/A       47%         5
 Hailstorm                Conj/Ice       2%         3d3       86%         4


Dungeon Overview and Level Annotations

Branches:
Dungeon (3/15)              Sewer (1/1)

Altars:
Trog


Innate Abilities, Weirdness & Mutations

You are partially covered in sharp spines.
When seriously injured, your blood forms armour. (AC +0)
You have a small tail.


Message History

Press: ? - help, Shift-Dir - straight line, f/p - kobold brigand
Aim: a kobold brigand, wielding a +0 dagger and quivering poisoned darts (moderately wounded, constricted by your ball python skeleton, ally target, chance to affect: 78%)
The kobold brigand writhes in agony.
The kobold brigand hits you with a +0 dagger.
Your ball python skeleton bites the kobold brigand but does no damage.
Your ball python skeleton constricts the kobold brigand.
Your river rat skeleton bites the kobold brigand.
Casting: Necrotise (safe; 1% risk of failure)
Confirm with . or Enter, or press ? or * to list all spells.
Aiming: Necrotise (safe; 1% risk of failure)
Press: ? - help, Shift-Dir - straight line, f/p - kobold brigand
Aim: a kobold brigand, wielding a +0 dagger and quivering poisoned darts (heavily wounded, constricted by your ball python skeleton, ally target, chance to affect: 78%)
The kobold brigand writhes in agony!
The kobold brigand hits you with a +0 dagger.
Your ball python skeleton bites the kobold brigand but does no damage.
Your ball python skeleton constricts the kobold brigand.
You hit the kobold brigand but do no damage.
The kobold brigand is severely wounded.
Your river rat skeleton bites the kobold brigand.
The kobold brigand hits your river rat skeleton with a +0 dagger.
You hit the kobold brigand but do no damage.
The kobold brigand is almost dead.
Your ball python skeleton bites the kobold brigand but does no damage.
Your ball python skeleton constricts the kobold brigand.
You hit the kobold brigand but do no damage.
The kobold brigand is almost dead.
The kobold brigand hits you with a +0 dagger.
Your river rat skeleton bites the kobold brigand!
The kobold brigand dies!
Your Fighting skill increases to level 2!
Your Armour skill increases to level 2!
Your Stealth skill increases to level 3!
You have reached level 6!
Your demonic ancestry asserts itself...
Sharp spines emerge from parts of your body.
p - a scroll labelled LUFOAGHAID
Things that are here:
a +0 dagger; 4 poisoned darts Unknown command.
Are you sure you want to abandon this character and quit the game? (Confirm with "yes".)

##### ##### ##≈≈≈##
##...##
#≈....#####.Z≈..#####
#...≈≈≈≈≈≈).Z@≈≈.....
#.....#####.....#####
##...## ##..≈## ##≈##
##≈## #†# #≈# #≈# #≈#
##≈## #≈# # ##...##
≈.. ####.≈...### .≈


You could see a friendly ball python skeleton and a friendly river rat skeleton.

Vanquished Creatures
  Robin (D:2)
  6 adders
  4 river rats
  5 worms
  2 orcs (D:3)
  9 ball pythons
  8 bats
  3 endoplasms
  2 giant cockroaches (D:3)
  15 goblins
  10 hobgoblins
  8 kobolds
  5 quokkas
  4 frilled lizards
  7 rats
89 creatures vanquished.

Vanquished Creatures (collateral kills)
  A kobold brigand (Sewer)
  A ball python (D:3)
  An endoplasm (D:2)
  A kobold (Sewer)
  A quokka (D:2)
  4 rats
9 creatures vanquished.

Vanquished Creatures (others)
  3 plants (D:3)
3 creatures vanquished.

Grand Total: 101 creatures vanquished

Notes
Turn   | Place    | Note
-------+----------+-------------------------------------------
     0 | D:1      | mathmaestro the Demonspawn Necromancer began the quest for
                  | the Orb.
     0 | D:1      | Reached XP level 1. HP: 13/13 MP: 3/3
   345 | D:1      | Gained mutation: You have a small tail. [demonic ancestry]
   345 | D:1      | Reached XP level 2. HP: 20/20 MP: 0/5
  1673 | D:2      | Reached XP level 3. HP: 25/25 MP: 4/6
  1903 | D:2      | Reached skill level 1 in Armour
  1934 | D:2      | Learned a level 3 spell: Vampiric Draining
  1963 | D:2      | Reached skill level 1 in Fighting
  2098 | D:2      | Noticed Robin
  2156 | D:2      | Killed Robin
  2157 | D:2      | Reached XP level 4. HP: 21/32 MP: 0/7
  3168 | D:3      | Found a bloodstained altar of Trog.
  3373 | D:3      | Found a faded altar of an unknown god.
  3384 | D:3      | Gained mutation: When seriously injured, your blood forms
                  | armour. (AC +0) [demonic ancestry]
  3384 | D:3      | Reached XP level 5. HP: 36/37 MP: 1/8
  3481 | D:3      | Reached skill level 5 in Necromancy
  3496 | D:3      | Found a glowing drain.
  3501 | Sewer    | Entered a sewer
  3855 | Sewer    | Learned a level 4 spell: Animate Dead
  4038 | Sewer    | Gained mutation: You are partially covered in sharp spines.
                  | [demonic ancestry]
  4038 | Sewer    | Reached XP level 6. HP: 35/44 MP: 1/10
  4040 | Sewer    | Quit the game

Illustrated notes

Levels and vault maps discovered:
D:1:      eino_arrival_druids_welcome, layout_basic
D:2:      minmay_razor_zed, layout_loops_ring, uniq_robin
D:3:      layout_rooms, overflow_temple_1_default, portal_sewer_entry_e,
          dreamdust_ecumenical_altar_statues, serial_bayou, serial_bayou_pond_d,
          serial_bayou_ford_a, serial_bayou_pond_b, serial_bayou_pond_a,
          kennysheep_pointless_box
Sewer:    sewer_co_15_rooms

Skill      XL: |  1  2  3  4  5 |
---------------+----------------+-----
Dodging        | 2 |  2.8
Stealth        | 2 3 |  3.0
Armour         | 1 2 |  2.0
Fighting       | 1 2 |  2.1
Necromancy     | 5 |  5.2
Spellcasting   | |  2.9

Action                   |  1- 3 |  4- 6 || total
-------------------------+-------+-------++-------
Melee: Unarmed           |     1 |       ||     1
       Dagger            |    21 |    61 ||    82
       Tailslap          |     2 |     9 ||    11
 Cast: Necrotise         |    63 |    95 ||   158
  Use: Scroll            |     6 |     1 ||     7
       Potion            |     2 |       ||     2
 Stab: Sleeping          |     2 |       ||     2
Armor: Robe              |    12 |    18 ||    30
Dodge: Dodged            |    48 |    64 ||   112

Table legend: (Time is in decaauts)
 A = Elapsed time spent in this place.
 B = Non-inter-level travel time spent in this place.
 C = Inter-level travel time spent in this place.
 D = Time resting spent in this place.
 E = Time spent auto-exploring this place.
 F = Levels seen in this place.
 G = Mean time per level.
                   A        B        C        D        E       F      G
               +--------+--------+--------+--------+--------+-----+--------+
         Total |   4053 |   3947 |    106 |    657 |   2534 |   4 | 1013.2 |
       Dungeon |   3490 |   3384 |    106 |    402 |   2343 |   3 | 1163.3 |
         Sewer |    563 |    563 |      0 |    255 |    191 |   1 |  563.0 |
               +--------+--------+--------+--------+--------+-----+--------+

Top non-repeatable levels by time:
     D:1: 1665 daAuts
     D:2: 1494 daAuts
   Sewer: 563 daAuts
     D:3: 331 daAuts
